AoeStats
← [zWq]Ferdinand Von Lindemann

Arabia

509473372Analyzed
1v1 RM · 5d ago on Sep 26, 2026· 73m 7s· 2 players
Game mode
Random Map
Map size
Tiny (2 player)
Population
200
Speed
Normal
Resources
Standard
Victory
Conquest
Starting age
Dark Age
Ending age
Imperial Age
RankedLock teamsTeams togetherTeam positionsShared explorationLock speedFull tech treeHidden civsTurbo modeCheats
Victory
Defeat
🇨🇱 Armenians · Chile
1338
+16
1337
-16
[zWq]Ferdinand Von Lindemann
7:22 Loom
10:04 Feudal Age
10:09 Man-at-Arms
10:38 Double-Bit Axe
10:34 Horse Collar
15:48 Wheelbarrow
15:38 Fletching
17:36 Padded Archer Armor
24:21 Castle Age
22:45 Gold Mining
24:25 Crossbowman
25:04 Bodkin Arrow
25:34 Leather Archer Armor
30:32 Bow Saw
33:37 Hand Cart
34:40 Ballistics
40:02 Imperial Age
37:54 Scale Barding Armor
38:39 Heavy Plow
38:50 Town Watch
42:09 Chemistry
42:05 Bracer
43:17 Chain Barding Armor
42:35 Light Cavalry
43:18 Husbandry
44:41 Forging
46:45 Plate Barding Armor
46:53 Iron Casting
49:44 Arbalester
51:32 Ring Archer Armor
51:37 Yeomen
61:08 Blast Furnace
63:47 Conscription
71:13 Masonry
HellionBlue
6:58 Loom
9:19 Feudal Age
10:05 Double-Bit Axe
17:50 Padded Archer Armor
22:05 Castle Age
20:30 Horse Collar
22:08 Elite Skirmisher
23:08 Leather Archer Armor
27:25 Fletching
28:01 Bodkin Arrow
30:53 Wheelbarrow
30:39 Gold Mining
34:25 Town Watch
35:25 Ballistics
36:00 Bow Saw
37:06 Heavy Plow
40:34 Imperial Age
39:24 Light Cavalry
41:00 Gold Shaft Mining
41:33 Bracer
41:58 Capped Ram
44:40 Ring Archer Armor
44:26 Scale Mail Armor
44:36 Forging
43:50 Man-at-Arms
44:16 Gambesons
44:31 Squires
44:17 Arson
44:37 Long Swordsman
44:37 Pikeman
48:20 Chemistry
47:37 Chain Mail Armor
47:38 Halberdier
50:14 Plate Mail Armor
53:34 Siege Ram
55:33 Conscription
55:19 Fereters
55:31 Fereters
56:48 Masonry
56:35 Murder Holes
56:21 Treadmill Crane
58:32 Iron Casting
58:48 Two-Handed Swordsman
59:46 Bloodlines
60:39 Hoardings
61:01 Hand Cart
66:52 Scale Barding Armor
66:31 Elite Composite Bowman
Connection lost

Rejoining the realm…

Still unreachable

The connection could not be restored.

Session expired

The server has moved on; the page needs a fresh start.